 Dungeon Crawl Stone Soup version 0.26.1-11-gd32895ea62 (webtiles) character file.

Game seed: 9798217740963996290

32 Zeld the Insei (level 3, -2/23 HPs)
             Began as an Octopode Transmuter on June 1, 2021.
             Slain by an orc wizard
             ... wielding a +0 dagger
              (3 damage)
             ... on level 3 of the Dungeon.
             The game lasted 00:01:19 (2009 turns).

Zeld the Insei (Octopode Transmuter)                Turns: 2009, Time: 00:01:20

Health: -2/23      AC:  1    Str: 10    XL:     3   Next: 25%
Magic:  5/6        EV: 13    Int: 15    God:
Gold:   13         SH:  0    Dex: 12    Spells: 1/7 levels left

rFire    . . .     SeeInvis .     - Unarmed
rCold    . . .     Faith    .   (no shield)
rNeg     . . .     Spirit   .   (helmet restricted)
rPois    .         Reflect  .   (no amulet)
rElec    .         Harm     .   (no ring)
rCorr    .         Rampage  .   (no ring)
Will     .....                  (no ring)
Stlth    ++........             (no ring)
HPRegen  0.07/turn              (no ring)
MPRegen  0.10/turn              (no ring)
                                (no ring)
                                (no ring)

@: confused
A: almost no armour, stealthy swim, amphibious, 8 rings, constrict 8, camouflage
1, gelatinous body 1
a: no special abilities


You were on level 3 of the Dungeon.
You visited 1 branch of the dungeon, and saw 3 of its levels.

You collected 13 gold pieces.

Inventory:

Scrolls
 a - a scroll of fog {unknown}


   Skills:
 + Level 1.4 Fighting
 + Level 2.3 Dodging
 - Level 3.0 Unarmed Combat
 * Level 2.5 Spellcasting
 * Level 2.5 Transmutations


You had one spell level left.
You knew the following spells:

 Your Spells              Type           Power        Failure   Level
a - Beastly Appendage     Tmut           18%          8%          1
b - Wereblood             Tmut           9%           11%         2
c - Spider Form           Tmut/Pois      2%           36%         3

Your spell library contained the following spells:

 Spells                   Type           Power        Failure   Level
 Ice Form                 Ice/Tmut       5%           77%         4
 Blade Hands              Tmut           4%           90%         5


Dungeon Overview and Level Annotations

Branches:
Dungeon (3/15)

Altars:
Fedhas


Innate Abilities, Weirdness & Mutations

You cannot wear most types of armour.
You are very stealthy in the water. (Stealth+)
You are amphibious.
You can wear up to eight rings at the same time.
You can use your tentacles to constrict eight enemies at once.
Your skin changes colour to match your surroundings (Stealth+).
Your rubbery body absorbs attacks. (AC +1, EV +1)


Message History

Your transformation has ended.
The orc wizard points at you and mumbles some strange words.
The magic dart hits you!
The orc wizard gestures at you while chanting.
The puff of flame hits you!
* * * LOW HITPOINT WARNING * * *
You tentacle-slap the orc wizard. Your grab misses the orc wizard.
The orc wizard is lightly wounded.
The orc wizard hits you with a +0 dagger.
* * * LOW HITPOINT WARNING * * *
You are too injured to fight recklessly!
You tentacle-slap the orc wizard. Your grab misses the orc wizard.
Your tentacle-slap misses the orc wizard.
The orc wizard is moderately wounded.
The orc wizard points at you and mumbles some strange words.
You are confused.
You are too injured to fight recklessly!
You bump into the rock wall.
The orc wizard hits you with a +0 dagger.
You die...

#.# ....#.. #.#
..#...h
#.#####.######....#
#................#
#######.######.###
#<# .# #)# .# #.#
## #@# ≈≈≈...# #o#
≈≈≈≈..### ###.#
≈≈≈≈≈... ..#.#
♣≈≈≈≈..# #[#.#
PP≈≈≈≈.# #.#.#
♣>≈≈≈≈.#######.#.#
..≈≈≈≈.#..).....>#
.≈≈≈≈.....##.....#


You could see an orc wizard.

Vanquished Creatures
  An adder (D:2)
  A worm (D:2)
  A dart slug (D:1)
  A leopard gecko (D:1)
  2 orcs (D:3)
  2 giant cockroaches
  2 hobgoblins (D:2)
  2 kobolds (D:1)
  A bat (D:2)
  2 rats
15 creatures vanquished.

Notes
Turn   | Place    | Note
-------+----------+-------------------------------------------
     0 | D:1      | Zeld the Octopode Transmuter began the quest for the Orb.
     0 | D:1      | Reached XP level 1. HP: 13/13 MP: 3/3
   172 | D:1      | Reached XP level 2. HP: 12/18 MP: 3/5
   186 | D:1      | Learned a level 2 spell: Wereblood
   583 | D:3      | Reached XP level 3. HP: 21/23 MP: 4/6
   587 | D:3      | Learned a level 3 spell: Spider Form
   621 | D:3      | Found a blossoming altar of Fedhas.
  2004 | D:3      | HP: 1/23 [orc wizard/+0 dagger (4)]
  2009 | D:3      | Slain by an orc wizard

Illustrated notes

Levels and vault maps discovered:
D:1:      amcnicky_arrival_feature_with_door, layout_rooms,
          minmay_misc_feat_tiny, kennysheep_another_room
D:2:      layout_basic, lemuel_coloured_pillars_altar, dancing_weapons_uskayaw
D:3:      layout_loops_ring, fedhas_ov_isle_minmay, elyvilon_altar_4

Action                   || total
-------------------------++-------
Melee: Unarmed           ||    38
       Constrict         ||    10
       Tentacles         ||     5
       Kick              ||     7
       Punch             ||     2
 Cast: Beastly Appendage ||     7
       Spider Form       ||     4
 Stab: Sleeping          ||     1
Armor: Skin              ||     6
Dodge: Dodged            ||    25
